 Dungeon Crawl Stone Soup version 0.23.0-42-geed6394 (webtiles) character file.

Game seed: 7249685943821478741

162 Kairos the Shield-Bearer (level 5, -4/28 HPs)
             Began as a Vine Stalker Fighter on Feb 28, 2019.
             Was a Follower of Yredelemnul.
             Slain by an ogre
             ... wielding a +0 giant spiked club
              (22 damage)
             ... on level 4 of the Dungeon.
             The game lasted 00:02:58 (2736 turns).

Kairos the Shield-Bearer (Vine Stalker Fighter)     Turns: 2736, Time: 00:02:58

Health: -4/28      AC:  8    Str: 20    XL:     5   Next: 43%
Magic:  0/6        EV:  7    Int:  8    God:    Yredelemnul [*.....]
Gold:   89         SH:  9    Dex: 13    Spells: 4/4 levels left

rFire    . . .     SeeInvis .   a - +0 war axe
rCold    . . .     Gourm    .   c - +0 shield
rNeg     . . .     Faith    .   b - +0 scale mail
rPois    .         Spirit   +   (no helmet)
rElec    .         Reflect  .   (no cloak)
rCorr    .         Harm     +   (no gloves)
MR       .....                  (no boots)
Stlth    +.........             o - amulet of harm
HPRegen  0.49/turn              u - ring of stealth
MPRegen  0.10/turn              s - +2 ring of protection

@: no status effects
A: fangs 2, regeneration 1, magic shield, antimagic bite, no potion heal 3, rot
immunity
a: Animate Remains, Renounce Religion


You were on level 4 of the Dungeon.
You worshipped Yredelemnul.
Yredelemnul was aware of your devotion.
You were near starving.

You visited 1 branch of the dungeon, and saw 4 of its levels.

You collected 89 gold pieces.

Inventory:

Hand Weapons
 a - a +0 war axe (weapon)
 r - a +0 morningstar
Armour
 b - a +0 scale mail (worn)
 c - a +0 shield (worn)
Jewellery
 o - an amulet of harm (around neck)
 p - an uncursed ring of flight
 s - a +2 ring of protection (right hand)
 u - a ring of stealth (left hand)
Wands
 q - a wand of random effects (19)
Scrolls
 e - 3 scrolls of teleportation
 g - 5 scrolls of identify {unknown}
 h - a scroll of blinking {unknown}
 k - 2 scrolls of fog {unknown}
 n - a scroll of fear {unknown}
Potions
 d - a potion of might
 i - 2 potions of degeneration {unknown}
 j - 3 potions of curing {unknown}
 l - 3 potions of heal wounds {unknown}
 m - a potion of lignification {unknown}
 t - a potion of brilliance {unknown}
Comestibles
 f - 7 rations


   Skills:
 + Level 3.2 Fighting
 + Level 3.1 Axes
 + Level 3.1 Armour
 + Level 0.5 Dodging
 + Level 0.3 Stealth
 + Level 3.5 Shields


You had 4 spell levels left.
You didn't know any spells.
Your spell library was empty.

Dungeon Overview and Level Annotations

Branches:
Dungeon (4/15)
 Temple: D:4-7

Altars:
Ashenzari
Dithmenos
Yredelemnul


Innate Abilities, Weirdness & Mutations

You have extremely sharp teeth.
Your natural rate of healing is unusually fast.
When hurt, damage is shared between your health and your magic reserves.
Your bite disrupts and absorbs the magic of your enemies.
Potions cannot restore your health.
You are immune to rotting.


Message History

The ogre shouts!
You hit the ogre. Your bite misses the ogre.
The ogre is moderately wounded.
The ogre hits you with a +0 giant spiked club.
You barely miss the ogre. You bite the ogre. You drain its power.
The ogre is moderately wounded.
A giant cockroach comes into view.
You block the ogre's attack.
You barely miss the ogre. Your bite misses the ogre.
The ogre is moderately wounded.
You block the ogre's attack.
You slash the ogre! You bite the ogre. You drain its power.
The ogre is severely wounded.
The ogre hits you with a +0 giant spiked club!
You hit the ogre.
The ogre is almost dead.
The ogre hits you with a +0 giant spiked club!!
Ouch! That really hurt!
You die...
Your body rises from the dead as a mindless zombie.

#################
#.........<.....#
#.#####...........
#######.#
#.#######.##
#..$....# #.#
#.#####.# #.# #@#
#.# #O# #.# .s#
#.# #..# #.# #...
... ..#. .. . #..
##


You could see an ogre and a giant cockroach.

Vanquished Creatures
  2 orc priests (D:3)
  3 adders (D:3)
  An ooze (D:1)
  3 worms
  3 dart slugs (D:1)
  2 leopard geckos
  An orc (D:3)
  11 bats
  3 giant cockroaches
  5 goblins
  7 hobgoblins
  2 quokkas (D:2)
  3 frilled lizards
  7 kobolds
  2 rats
55 creatures vanquished.

Notes
Turn   | Place    | Note
-------+----------+-------------------------------------------
     0 | D:1      | Kairos the Vine Stalker Fighter began the quest for the
                  | Orb.
     0 | D:1      | Reached XP level 1. HP: 11/11 MP: 2/2
    46 | D:1      | Found a shattered altar of Ashenzari.
    69 | D:1      | Reached XP level 2. HP: 3/16 MP: 3/3
   515 | D:1      | Reached XP level 3. HP: 18/19 MP: 4/4
   985 | D:2      | Found a shadowy altar of Dithmenos.
  1400 | D:2      | Found a faded altar of an unknown god.
  1560 | D:2      | Became a worshipper of Yredelemnul the Dark
  1560 | D:2      | Reached * piety under Yredelemnul
  1746 | D:3      | Gained mutation: Your natural rate of healing is unusually
                  | fast. [Vine Stalker growth]
  1746 | D:3      | Reached XP level 4. HP: 17/24 MP: 5/5
  1862 | D:3      | Reached XP level 5. HP: 19/28 MP: 2/6
  2728 | D:4      | Noticed an ogre
  2736 | D:4      | Slain by an ogre

Skill      XL: |  1  2  3  4 |
---------------+-------------+-----
Shields        | 3 |  3.5
Axes           | 2 3 |  3.1
Fighting       | 3 |  3.2
Armour         | 3 |  3.1
Dodging        | |  0.5
Stealth        | |  0.3

Action                   |  1- 3 |  4- 6 || total
-------------------------+-------+-------++-------
Melee: War axe           |   107 |    46 ||   153
       Bite              |    27 |    10 ||    37
  Use: Scroll            |     1 |       ||     1
  Eat: Chunk             |     2 |     2 ||     4
Armor: Scale mail        |    65 |    17 ||    82
Dodge: Dodged            |    47 |     7 ||    54
Block: Shield            |    82 |    28 ||   110
